 Dungeon Crawl Stone Soup version 0.27-a0-1188-g73eefd5def (webtiles) character file.

Game seed: 17926648907096018373

304 rageheart7 the Skirmisher (level 6, -1/58 HPs)
             Began as a Hill Orc Fighter on May 21, 2021.
             Slain by a water moccasin (5 damage)
             ... on level 3 of the Dungeon.
             The game lasted 00:04:09 (3281 turns).

rageheart7 the Skirmisher (Hill Orc Fighter)        Turns: 3281, Time: 00:04:11

Health: -1/58      AC:  8    Str: 21    XL:     6   Next: 38%
Magic:  6/6        EV:  9    Int:  8    God:
Gold:   155        SH:  0    Dex: 10    Spells: 5/5 levels left

rFire    . . .     SeeInvis .   a - +0 war axe
rCold    . . .     Faith    .   (no shield)
rNeg     . . .     Spirit   .   b - +0 scale mail
rPois    .         Reflect  .   (no helmet)
rElec    .         Harm     .   f - +0 cloak
rCorr    .         Rampage  .   (no gloves)
Will     .....                  (no boots)
Stlth    ..........             (no amulet)
HPRegen  0.19/turn              (no ring)
MPRegen  0.10/turn              (no ring)

@: lethally poisoned (-1 -> -18), attractive
A: no striking features
a: no special abilities


You were on level 3 of the Dungeon.
You visited 1 branch of the dungeon, and saw 3 of its levels.

You collected 155 gold pieces.

Inventory:

Hand Weapons
 a - a +0 war axe (weapon)
Armour
 b - a +0 scale mail (worn)
 c - a +0 kite shield
 e - a +0 buckler
 f - a +0 cloak (worn)
Scrolls
 d - a scroll of enchant weapon {unknown}
 h - 2 scrolls of teleportation {unknown}
 i - a scroll of summoning {unknown}


   Skills:
 * Level 6.4 Fighting
 * Level 6.3 Axes
 - Level 3.2 Armour
 - Level 3.2 Shields


You had 5 spell levels left.
You didn't know any spells.
Your spell library was empty.

Dungeon Overview and Level Annotations

Branches:
Dungeon (3/15)

Altars:

Shops:
D:1 ?


Message History

No target in view!
You open the door.
There is an open door here.
A water moccasin comes into view.
A water moccasin is nearby!
A water moccasin is nearby!
You hit the water moccasin.
The water moccasin is lightly wounded.
The water moccasin bites you. The water moccasin bites you!
You hit the water moccasin but do no damage.
The water moccasin is lightly wounded.
The water moccasin bites you.
A water moccasin is nearby!
You barely miss the water moccasin.
The water moccasin is lightly wounded.
The water moccasin bites you. The water moccasin bites you!
You hit the water moccasin but do no damage.
The water moccasin is lightly wounded.
The water moccasin bites you. The water moccasin barely misses you.
You slash the water moccasin!
The water moccasin is moderately wounded.
The water moccasin bites you.
You are poisoned.
The water moccasin poisons you!
You are too injured to fight recklessly!
It was a potion of attraction.
You feel attractive to monsters.
You feel sick. The water moccasin bites you!
The water moccasin closely misses you.
You closely miss the water moccasin.
The water moccasin is moderately wounded.
You feel sick. The water moccasin bites you.
* * * LOW HITPOINT WARNING * * *
You closely miss the water moccasin.
The water moccasin is moderately wounded.
You feel sick. The water moccasin bites you.
* * * LOW HITPOINT WARNING * * *
You are lethally poisoned!
The water moccasin poisons you! The water moccasin bites you.
You die...

#.#.....###..##.#.###.#.#
#.###>.......##.#.......# # #.#
###.........#####.### ## #.#
######+#### #.# ##. ###.# ##...##
#.# #.. #...## ##.....##
#.#######.. ...#.## ##.......##
#.......'..
......####.........####....#..'..
.........+.....S@..'..........'..
......####.........####....#.##..
..)...# ##.......## #..##..##..
......# ##.....## #..##.####.
.....## ##...## #.###.# ##
.....### ##+# ###...## # ...#.#.>
###......# ####.#.#
#####........## #.#.#
###.'...........#


You could see a water moccasin.

Vanquished Creatures
  A phantom (D:2)
  A scorpion (D:3)
  A howler monkey (D:3)
  Terence (D:2)
  2 adders
  A worm (D:2)
  3 dart slugs
  6 orcs (D:3)
  9 endoplasms
  A giant cockroach (D:1)
  6 goblins
  5 hobgoblins
  6 jackals (D:1)
  7 kobolds
  6 quokkas
  5 ball pythons
  5 bats
  5 frilled lizards
71 creatures vanquished.

Notes
Turn   | Place    | Note
-------+----------+-------------------------------------------
     0 | D:1      | rageheart7 the Hill Orc Fighter began the quest for the
                  | Orb.
     0 | D:1      | Reached XP level 1. HP: 19/19 MP: 1/1
   126 | D:1      | Reached XP level 2. HP: 27/27 MP: 2/2
   690 | D:1      | Reached XP level 3. HP: 29/34 MP: 3/3
   962 | D:1      | Found Tul Usih's Magic Scroll Shoppe.
  1473 | D:2      | Noticed Terence
  1530 | D:1      | Reached XP level 4. HP: 23/41 MP: 4/4
  1800 | D:2      | Killed Terence
  1801 | D:2      | Reached skill level 5 in Fighting
  1970 | D:2      | Noticed a phantom
  1984 | D:2      | Killed a phantom
  1985 | D:2      | Reached skill level 5 in Axes
  1985 | D:2      | Reached XP level 5. HP: 42/50 MP: 5/5
  2157 | D:2      | Found a faded altar of an unknown god.
  2817 | D:3      | Reached XP level 6. HP: 51/57 MP: 6/6
  3271 | D:3      | Noticed a water moccasin
  3281 | D:3      | Slain by a water moccasin

Illustrated notes

Levels and vault maps discovered:
D:1:      amcnicky_arrival_underground_garden, layout_loops_ring, serial_shops,
          shop
D:2:      layout_loops_ring, chequers_ecumenical_altar_lobes, hex_large,
          uniq_terence
D:3:      minmay_skewed_foursquare, layout_loops_corners,
          hangedman_decor_slide_cut, kennysheep_cluttered_room

Skill      XL: |  1  2  3  4  5 |
---------------+----------------+-----
Axes           | 3 4 5 6 |  6.3
Fighting       | 4 5 6 |  6.4
Armour         | |  3.2
Shields        | |  3.2

Action                   |  1- 3 |  4- 6 || total
-------------------------+-------+-------++-------
Melee: War axe           |   114 |    95 ||   209
  Use: Scroll            |     1 |     1 ||     2
       Potion            |       |     2 ||     2
Armor: Scale mail        |    72 |    52 ||   124
Dodge: Dodged            |    42 |    35 ||    77
Block: Kite shield       |    33 |       ||    33

Table legend: (Time is in decaauts)
 A = Elapsed time spent in this place.
 B = Non-inter-level travel time spent in this place.
 C = Inter-level travel time spent in this place.
 D = Time resting spent in this place.
 E = Time spent auto-exploring this place.
 F = Levels seen in this place.
 G = Mean time per level.
                   A        B        C        D        E       F      G
               +--------+--------+--------+--------+--------+-----+--------+
         Total |   3349 |   3246 |    103 |      0 |   2728 |   3 | 1116.3 |
       Dungeon |   3349 |   3246 |    103 |      0 |   2728 |   3 | 1116.3 |
               +--------+--------+--------+--------+--------+-----+--------+

Top non-repeatable levels by time:
     D:1: 1267 daAuts
     D:2: 1203 daAuts
     D:3: 878 daAuts
